 Dungeon Crawl Stone Soup version 0.28-a0-1374-ga75cb3825e (webtiles) character file.

Game seed: 3082468229236686557

525 pokeman the Magician (level 7, -3/39 HPs)
             Began as a Deep Elf Hedge Wizard on Dec 31, 2021.
             Killed by divine providence
             ... invoked by an orc priest
              (8 damage)
             ... on level 5 of the Dungeon.
             The game lasted 00:12:27 (5549 turns).

pokeman the Magician (Deep Elf Hedge Wizard)        Turns: 5549, Time: 00:12:27

Health: -3/39      AC:  6    Str:  7      XL:     7   Next: 2%
Magic:  12/20      EV: 12    Int: 17 (21) God:
Gold:   171        SH:  0    Dex: 14      Spells: 10/21 levels left

rFire   . . .      SeeInvis .   m - +0 dagger (speed)
rCold   + . .      Faith    .   (no shield)
rNeg    . . .      Spirit   .   h - +0 leather armour
rPois   .          Reflect  .   j - +1 helmet
rElec   .          Harm     .   (no cloak)
rCorr   .          Rampage  .   (no gloves)
Will    .....                   v - +0 pair of boots
Stlth   ++........              (no amulet)
HPRegen 0.13/turn               i - ring of protection from cold
MPRegen 0.17/turn               (no ring)

@: no status effects
A: no striking features
a: no special abilities


You were on level 5 of the Dungeon.
You visited 1 branch of the dungeon, and saw 5 of its levels.

You collected 171 gold pieces.

Inventory:

Hand Weapons
 m - a +0 dagger of speed (weapon)
Missiles
 g - 24 bolts
Armour
 h - a +0 leather armour (worn)
 j - a +1 helmet (worn)
 p - an orb of energy
 v - a +0 pair of boots (worn)
Magical Staves
 o - a staff of air
Jewellery
 i - a ring of protection from cold (left hand)
Wands
 r - a wand of flame (24)
 t - a wand of iceblast (7)
 w - a wand of paralysis (4)
Scrolls
 a - a scroll of vulnerability {unknown}
 b - a scroll of identify {unknown}
 e - 3 scrolls of amnesia {unknown}
 k - a scroll of fog {unknown}
 l - a scroll of blinking {unknown}
 n - a scroll of holy word {unknown}
 s - 3 scrolls of teleportation {unknown}
 u - a scroll of torment {unknown}
 y - a scroll of enchant armour {unknown}
Potions
 c - 2 potions of curing {unknown}
 d - a potion of brilliance {unknown}
 f - a potion of haste {unknown}
 q - 2 potions of mutation {unknown}
 x - a potion of heal wounds {unknown}


   Skills:
 + Level 1.6 Fighting
 - Level 1.0 Armour
 - Level 3.0 Dodging
 - Level 3.0 Stealth
 * Level 7.6 Spellcasting
 + Level 3.6 Conjurations
 - Level 1.1 Summonings
 - Level 1.1 Translocations
 - Level 1.0 Fire Magic
 - Level 1.0 Air Magic
 - Level 1.0 Poison Magic
 + Level 1.7 Evocations


You had 10 spell levels left.
You knew the following spells:

 Your Spells              Type           Power      Damage    Failure   Level
a - Magic Dart            Conj           72%        1d6       3%          1
b - Mephitic Cloud        Conj/Pois/Air  12%        N/A       22%         3
c - Call Imp              Summ           10%        N/A       16%         2
d - Blink                 Tloc           20%        N/A       16%         2
e - Conjure Flame         Conj/Fire      14%        6-21      19%         3

Your spell library contained the following spells:

 Spells                   Type           Power      Damage    Failure   Level
 Slow                     Hex            24%        N/A       16%         1
 Ensorcelled Hibernation  Hex/Ice        12%        N/A       24%         2
 Spider Form              Tmut/Pois      8%         N/A       36%         3


Dungeon Overview and Level Annotations

Branches:
Dungeon (5/15)
 Temple: D:4-7

Altars:
Fedhas
Hepliaklqana


Message History

You start resting.
An orc priest is nearby!
You start resting.
An orc priest is nearby!
Casting: Conjure Flame (quite dangerous; 19% risk of failure)
Confirm with . or Enter, or press ? or * to list all spells.
The spell is quite dangerous to miscast (22% risk of failure)!
Continue anyway?
Aiming: Mephitic Cloud (quite dangerous; 22% risk of failure)
Press: ? - help, Shift-Dir - straight line, f/p - orc priest
Aim: an orc priest, wielding a +0 hand axe and wearing a +0 leather armour (chance to affect: 86%)
The ball explodes into a vile cloud!
The stinking cloud engulfs the orc priest but does no damage.
The orc priest is engulfed in noxious fumes.
The orc priest appears confused.
Unknown command.
Unknown command.
The orc priest misses something.
The orc priest completely misses itself.
Unknown command.
The orc priest is engulfed in blazing flames.
Unknown command.
You catch the helpless orc priest completely off-guard!
You puncture the orc priest!
You kill the orc priest!
The orc priest calls down the wrath of Beogh upon you.
Pain shoots through your body!
* * * LOW HITPOINT WARNING * * *
You have reached level 7!
Casting: Mephitic Cloud (quite dangerous; 22% risk of failure)
Confirm with . or Enter, or press ? or * to list all spells.
The spell is quite dangerous to miscast (22% risk of failure)!
Continue anyway?
Aiming: Mephitic Cloud (quite dangerous; 22% risk of failure)
Press: ? - help, Shift-Dir - straight line, f - orc priest
Aim: an orc priest, wielding a +0 trident (chance to affect: 86%)
The ball explodes into a vile cloud!
The stinking cloud engulfs the orc priest but does no damage.
The orc priest is engulfed in noxious fumes.
The orc priest mumbles some strange prayers to Beogh against you.
Beogh smites you!
You die...

#.............####
#.#############
#.# #.# #.# #.#
#.# #.# #@# . #)#
.. #○### ... #☼o.#
.... ###.####
.....
#.o..#####......
####....o.o....o
#######....oo
###.#


You could see an orc priest.

Vanquished Creatures
  A phantom (D:4)
  A scorpion (D:5)
  A vampire bat (D:4)
  3 hounds
  An orc priest (D:5)
  Terence (D:2)
  An orc wizard (D:3)
  A hound skeleton (D:4)
  4 adders
  3 gnolls
  3 ufetubi
  An adder skeleton (D:4)
  A worm (D:4)
  3 dart slugs
  8 orcs
  3 ball pythons
  4 endoplasms
  3 giant cockroaches
  8 goblins
  6 hobgoblins
  A quokka (D:2)
  14 bats
  2 frilled lizards
  4 kobolds
  7 rats
  A spectral kobold (D:3)
86 creatures vanquished.

Vanquished Creatures (others)
  7 fungi (D:5)
  5 plants (D:5)
  4 toadstools (D:1)
16 creatures vanquished.

Grand Total: 102 creatures vanquished

Notes
Turn   | Place    | Note
-------+----------+-------------------------------------------
     0 | D:1      | pokeman the Deep Elf Hedge Wizard began the quest for the
                  | Orb.
     0 | D:1      | Reached XP level 1. HP: 10/10 MP: 7/7
   498 | D:1      | Reached XP level 2. HP: 15/15 MP: 5/9
  1158 | D:1      | Reached skill level 5 in Spellcasting
  1497 | D:1      | Reached XP level 3. HP: 20/20 MP: 7/11
  1501 | D:1      | Learned a level 3 spell: Mephitic Cloud
  1504 | D:1      | Learned a level 2 spell: Call Imp
  1507 | D:1      | Learned a level 2 spell: Blink
  1511 | D:1      | Learned a level 3 spell: Conjure Flame
  1794 | D:2      | Reached skill level 1 in Fighting
  1885 | D:2      | Reached skill level 1 in Armour
  2035 | D:2      | Reached XP level 4. HP: 22/25 MP: 1/13
  2319 | D:2      | Noticed Terence
  2328 | D:2      | Killed Terence
  2329 | D:2      | Reached skill level 1 in Fire Magic
  2883 | D:3      | Reached skill level 6 in Spellcasting
  2885 | D:3      | Reached XP level 5. HP: 29/29 MP: 8/15
  3496 | D:3      | Found a hazy altar of Hepliaklqana.
  3959 | D:4      | Reached skill level 1 in Air Magic
  4248 | D:4      | Identified the +0 ring mail of Old and Reckless {Will+}
  4537 | D:4      | Reached skill level 1 in Poison Magic
  4537 | D:4      | Reached XP level 6. HP: 26/34 MP: 10/17
  4818 | D:4      | Reached skill level 7 in Spellcasting
  4818 | D:4      | Reached skill level 1 in Evocations
  5181 | D:5      | Entered Level 5 of the Dungeon
  5261 | D:5      | Found a blossoming altar of Fedhas.
  5549 | D:5      | Reached XP level 7. HP: 5/39 MP: 15/20
  5549 | D:5      | Killed from afar by an orc priest

Illustrated notes

Levels and vault maps discovered:
D:1:      ldierk_walled_garden_2, layout_loops_cross
D:2:      layout_rooms, dk_noncrumbling_2, wad_orctagon, uniq_terence
D:3:      layout_basic, nicolae_hepliaklqana_monster_ancestors,
          grunt_ministairs_5
D:4:      layout_loops_cross, grunt_decor_one_mirror, roderic_batcave,
          nicolae_figureground_pulse
D:5:      layout_rooms, mainiacjoe_overflow_small_starburst, fedhas_altar_3

Skill      XL: |  1  2  3  4  5  6 |
---------------+-------------------+-----
Spellcasting   | 5 6 7 |  7.6
Fighting       | 1 |  1.6
Armour         | 1 |  1.0
Conjurations   | 2 3 |  3.6
Fire Magic     | 1 |  1.0
Dodging        | 3 |  3.0
Air Magic      | 1 |  1.0
Stealth        | 3 |  3.0
Poison Magic   | 1 |  1.0
Evocations     | 1 |  1.7
Summonings     | |  1.1
Translocations | |  1.1

Action                   |  1- 3 |  4- 6 |  7- 9 || total
-------------------------+-------+-------+-------++-------
Melee: Dagger            |       |    16 |       ||    16
 Cast: Magic Dart        |   100 |   160 |       ||   260
       Mephitic Cloud    |       |     7 |     1 ||     8
       Conjure Flame     |       |     3 |       ||     3
 Stab: Confused          |       |     4 |       ||     4
Armor: Leather armour    |     7 |    24 |       ||    31
Dodge: Dodged            |    15 |    47 |       ||    62

Table legend: (Time is in decaauts)
 A = Elapsed time spent in this place.
 B = Non-inter-level travel time spent in this place.
 C = Inter-level travel time spent in this place.
 D = Time resting spent in this place.
 E = Time spent auto-exploring this place.
 F = Levels seen in this place.
 G = Mean time per level.
                   A        B        C        D        E       F      G
               +--------+--------+--------+--------+--------+-----+--------+
         Total |   5543 |   5450 |     93 |    362 |   4437 |   5 | 1108.6 |
       Dungeon |   5543 |   5450 |     93 |    362 |   4437 |   5 | 1108.6 |
               +--------+--------+--------+--------+--------+-----+--------+

Top non-repeatable levels by time:
     D:1: 1602 daAuts
     D:2: 1273 daAuts
     D:4: 1269 daAuts
     D:3: 1137 daAuts
     D:5: 260 daAuts
